[Event "Nordic Chess-ch 2019"]
[Site "Sarpsborg"]
[Date "2019.06.24"]
[Round "6.36"]
[White "Mirza, Raad"]
[Black "Lunde, Sigmund"]
[Result "1-0"]
[ECO "C01"]
[WhiteElo "1991"]
[BlackElo "1834"]
[Annotator "NA"]
[PlyCount "153"]
[EventDate "2019.06.21"]
[EventType "swiss"]
[EventCountry "NOR"]
[SourceTitle "playchess.com"]
[Source "ChessBase"]
[SourceQuality "1"]
[TimeControl "40/5400+30:1800+30"]

1. e4 d5 2. exd5 Qxd5 3. Nf3 Nf6 4. d4 e6 5. Bd3 c5 6. Nc3 {[%emt 0:02:20] C01: French: Exchange Variation} Qd8 7. Be3 (7. Bg5 cxd4 8. Bb5+ Bd7 9. Qxd4 a6 10. Bxd7+ Nbxd7 11. O-O-O Bc5 12. Bxf6 Bxd4 13. Bxd8 Bxc3 {½-½ (46) Soffer,R (2472)-Bischoff,K (2507) Bled 2018}) 7... cxd4 8. Bxd4 Nc6 9. Be3 Nd5 $146 ({Predecessor:} 9... Be7 10. Qe2 Qa5 11. O-O O-O 12. a3 {1-0 (66) Pessi,E (2260)-Amarita,A (2066) Eforie Nord 2002}) 10. Nxd5 Qxd5 11. O-O Be7 12. Qe2 O-O 13. Rfd1 Qh5 14. Bf4 g5 15. Nxg5 Qxe2 16. Bxe2 e5 17. Be3 f5 18. Bc4+ Kg7 19. Ne6+ Bxe6 20. Bxe6 f4 21. Bd2 Nd4 22. Bd5 Rad8 23. Be4 Rc8 24. c3 Nc6 25. f3 Nd8 26. Be1 Rc7 27. Bf2 b6 28. Rd5 Nf7 29. Rad1 Rd8 30. g3 Rxd5 31. Rxd5 fxg3 32. Bxg3 Bf6 33. Kf1 h6 34. Ke2 Kf8 35. h4 Ke7 36. Bf5 Nd6 37. Bxe5 Bxe5 38. Rxe5+ Kf7 39. Be4 Kf6 40. Rh5 Kg7 41. Bd3 Re7+ 42. Kf2 Ne8 43. Rd5 Nf6 44. Rf5 Ne8 45. a4 Nd6 46. Rd5 Ne8 47. a5 bxa5 48. Rxa5 Rb7 49. b4 Rc7 50. c4 Rb7 51. b5 Rc7 52. Ra6 Nf6 53. b6 axb6 54. Rxb6 Kf7 55. Ke3 Rc5 56. Rb5 Rc7 57. Kd4 Rd7+ 58. Kc3 Ke7 59. Be4 Rd1 60. Ra5 Rh1 61. Kd4 Rxh4 62. Ra7+ Kd8 63. Rf7 Nxe4 64. fxe4 Rh1 65. Rh7 h5 66. Ke5 h4 67. Ke6 h3 68. e5 h2 69. c5 Rc1 70. Rxh2 Kc7 71. Rh7+ Kc6 72. Rh8 Kc7 73. Ke7 $18 (73. Kf7 $142 Rf1+ 74. Ke7 Kc6 75. e6 Re1 76. Rf8 Kxc5 77. Kf7 Rf1+ 78. Ke8) 73... Rxc5 74. e6 Re5 75. Kf6 Re1 76. e7 Rf1+ 77. Kg5 1-0

[Event "Nordic Chess-ch 2019"]
[Site "Sarpsborg"]
[Date "2019.06.24"]
[Round "6.37"]
[White "Larsen, Bjorn"]
[Black "Andersen, Dag"]
[Result "1/2-1/2"]
[ECO "B47"]
[WhiteElo "1680"]
[BlackElo "1817"]
[Annotator "NA"]
[PlyCount "54"]
[EventDate "2019.06.21"]
[EventType "swiss"]
[EventCountry "NOR"]
[SourceTitle "playchess.com"]
[Source "ChessBase"]
[SourceQuality "1"]
[TimeControl "40/5400+30:1800+30"]

1. e4 c5 2. Nf3 e6 3. d4 cxd4 4. Nxd4 Nc6 5. Nc3 Qc7 6. Be2 a6 7. a4 Bb4 8. O-O Bxc3 9. bxc3 Nf6 10. f3 d5 11. Nxc6 bxc6 12. Bg5 Nd7 13. exd5 cxd5 14. Qd4 Qc5 15. Be3 Qxd4 16. cxd4 O-O 17. Rab1 Rb8 18. Rxb8 Nxb8 19. Rb1 Bd7 20. a5 Ba4 21. c3 h6 22. Rb4 Bc2 23. Rb2 Bg6 24. Rb6 Rc8 25. Bd2 Kf8 26. Bxa6 Nxa6 27. Rxa6 Bd3 1/2-1/2

[Event "Nordic Chess-ch 2019"]
[Site "Sarpsborg"]
[Date "2019.06.24"]
[Round "6.38"]
[White "Bergquist, Rune"]
[Black "Stabbetorp, Hans"]
[Result "1/2-1/2"]
[ECO "D15"]
[WhiteElo "1609"]
[BlackElo "1767"]
[Annotator "NA"]
[PlyCount "100"]
[EventDate "2019.06.21"]
[EventType "swiss"]
[EventCountry "NOR"]
[SourceTitle "playchess.com"]
[Source "ChessBase"]
[SourceQuality "1"]
[TimeControl "40/5400+30:1800+30"]

1. d4 d5 2. c4 c6 3. Nc3 Nf6 4. Nf3 a6 5. a4 dxc4 6. e4 b5 7. axb5 cxb5 8. e5 Nd5 9. Nxb5 Bb7 10. Nc3 Qc8 11. Nxd5 Bxd5 12. Qa4+ Qc6 13. Qxc6+ Nxc6 14. Be3 e6 15. Be2 Bb4+ 16. Kf1 c3 17. bxc3 Bxc3 18. Rxa6 Rxa6 19. Bxa6 Bxf3 20. gxf3 Nxd4 21. Bxd4 Bxd4 22. Kg2 Bxe5 23. Bb5+ Ke7 24. Re1 Kf6 25. Re4 g5 26. Ra4 h5 27. h3 Rd8 28. Ra2 Rd4 29. Be2 Kg6 30. Rc2 Bf4 31. Ra2 e5 32. Ra6+ f6 33. Ra3 Rd6 34. Ra2 Bc1 35. Rc2 Ba3 36. Kg3 Rb6 37. Bd3+ f5 38. Be2 Bd6 39. Kg2 Kf6 40. Ra2 Bc5 41. Rc2 Bd4 42. Ra2 Rb2 43. Rxb2 Bxb2 44. Bd3 f4 45. Be4 h4 46. Bc2 Ke6 47. Be4 Kd6 48. Bf5 Kc5 49. Kf1 Kd4 50. Ke2 Ba3 1/2-1/2

[Event "Nordic Chess-ch 2019"]
[Site "Sarpsborg"]
[Date "2019.06.24"]
[Round "6.39"]
[White "Thorvlaksson, Baldvin"]
[Black "Andersen, Odd"]
[Result "1/2-1/2"]
[ECO "B12"]
[WhiteElo "1523"]
[BlackElo "1751"]
[Annotator "NA"]
[PlyCount "170"]
[EventDate "2019.06.21"]
[EventType "swiss"]
[EventCountry "NOR"]
[SourceTitle "playchess.com"]
[Source "ChessBase"]
[SourceQuality "1"]
[TimeControl "40/5400+30:1800+30"]

1. e4 c6 2. d4 d5 3. Bd3 dxe4 4. Bxe4 Nf6 5. Bf3 Bf5 6. Ne2 e6 7. c4 h6 8. Nbc3 Bd6 9. Bf4 Na6 10. a3 Nc7 11. Qd2 g5 12. Bxd6 Qxd6 13. Ng3 Bg6 14. Nge4 Nxe4 15. Nxe4 Bxe4 16. Bxe4 O-O-O 17. O-O-O Kb8 18. g3 Rd7 19. Qc3 Rhd8 20. Rd2 Qe7 21. Rhd1 Qf6 22. Qf3 Qxf3 23. Bxf3 a6 24. Kc2 Ne8 25. d5 cxd5 26. cxd5 e5 27. Bg4 Rd6 28. Bh5 Rc8+ 29. Kb1 Rc7 30. Re2 Ng7 31. Bf3 f6 32. g4 Rcd7 33. Be4 Rd8 34. f3 Ne6 35. Red2 Nf4 36. Ka2 Rc8 37. Kb1 Rc5 38. Ka2 a5 39. b4 axb4 40. axb4 Rb5 41. Ka3 Ra6+ 42. Kb3 Rab6 43. d6 Rxb4+ 44. Kc3 Rb3+ 45. Kc2 Rb2+ 46. Kc1 Rxd2 47. Rxd2 Kc8 48. Bf5+ Kd8 49. Kc2 Rb5 50. Kc3 Rd5 51. Rb2 Rxd6 52. Rxb7 h5 53. Rh7 hxg4 54. Bxg4 Ng2 55. Bf5 Nh4 56. Be4 Ke8 57. Ra7 Kf8 58. Rh7 Kg8 59. Ra7 Rd1 60. Ra8+ Kf7 61. Ra7+ Kf8 62. Ra8+ Ke7 63. Ra7+ Rd7 64. Rxd7+ Kxd7 65. Kd3 Ke6 66. Bb7 f5 67. Ke3 Kf6 68. Bc6 Kg6 69. Kf2 Kf6 70. Kg3 Ke7 71. Bb7 Kd6 72. Bc8 Kc5 73. Bb7 Kd4 74. Kf2 Ng6 75. Bc8 Nh4 76. Ba6 Kc3 77. Bb7 Kd2 78. Ba6 Ng6 79. Bc8 e4 80. fxe4 fxe4 81. Ba6 e3+ 82. Kg3 Ne5 83. Bf1 e2 84. Bxe2 Kxe2 85. h4 Ke3 1/2-1/2

[Event "Nordic Chess-ch 2019"]
[Site "Sarpsborg"]
[Date "2019.06.24"]
[Round "6.41"]
[White "Heikkila, Raine"]
[Black "Stubrud, Jan Magne"]
[Result "1/2-1/2"]
[ECO "A84"]
[WhiteElo "1663"]
[BlackElo "1681"]
[Annotator "NA"]
[PlyCount "148"]
[EventDate "2019.06.21"]
[EventType "swiss"]
[EventCountry "NOR"]
[SourceTitle "playchess.com"]
[Source "ChessBase"]
[SourceQuality "1"]
[TimeControl "40/5400+30:1800+30"]

1. d4 f5 2. c4 Nf6 3. Nf3 b6 4. h3 Bb7 5. Bf4 e6 6. a3 Be7 7. Nc3 O-O 8. Nb5 d6 9. e3 a6 10. Nc3 Nbd7 11. Ng5 Qc8 12. Nxe6 Re8 13. d5 Nc5 14. Nxc5 dxc5 15. Bd3 Qd7 16. Qc2 Bc8 17. O-O Bd6 18. Bg5 Rf8 19. Ne2 Ne8 20. f4 Be7 21. Bxe7 Qxe7 22. Rf3 Nd6 23. Ng3 Bd7 24. Re1 Qf7 25. Kh2 b5 26. b3 bxc4 27. bxc4 Rab8 28. Rff1 Rb6 29. Rb1 Rfb8 30. Rxb6 Rxb6 31. Rb1 Qf6 32. Rxb6 cxb6 33. Qb1 b5 34. cxb5 axb5 35. Qc2 c4 36. Be2 Qa1 37. Qd2 Qxa3 38. Qd4 c3 39. Nh5 Ne8 40. Bd3 b4 41. Bc4 Qa8 42. Bb3 h6 43. Qxb4 Qc8 44. Bc2 g6 45. Ng3 Nf6 46. Qd4 Kf7 47. Qe5 Qc5 48. Bb3 Kg7 49. Ne2 c2 50. Bxc2 Qxc2 51. Qe7+ Kg8 52. Nd4 Qe4 53. Qxf6 Qe8 54. Ne6 Qf7 55. Qxf7+ Kxf7 56. Nd8+ Ke7 57. Nb7 Bc8 58. Na5 Kd6 59. Nc4+ Kc5 60. Ne5 Kxd5 61. Nxg6 Ke4 62. Kg3 Kxe3 63. h4 Be6 64. h5 Bd5 65. Kh3 Ke4 66. g3 Kf3 67. Kh4 Be6 68. Ne5+ Ke4 69. Ng6 Kf3 70. Ne5+ Ke4 71. Nc6 Bg8 72. Ne7 Be6 73. Ng6 Kf3 74. Ne5+ Ke4 1/2-1/2

[Event "Nordic Chess-ch 2019"]
[Site "Sarpsborg"]
[Date "2019.06.24"]
[Round "6.42"]
[White "Sather, Lars"]
[Black "Lilleng, Gunnar"]
[Result "1-0"]
[ECO "B12"]
[WhiteElo "1730"]
[BlackElo "1485"]
[Annotator "NA"]
[PlyCount "180"]
[EventDate "2019.06.21"]
[EventType "swiss"]
[EventCountry "NOR"]
[SourceTitle "playchess.com"]
[Source "ChessBase"]
[SourceQuality "1"]
[TimeControl "40/5400+30:1800+30"]

1. d4 c6 2. c4 d6 3. e4 Nf6 4. Bd3 Bg4 5. f3 Bh5 6. Qb3 Qb6 7. Qxb6 axb6 8. Ne2 Bg6 9. Nd2 h6 10. O-O e6 11. f4 Be7 12. Ng3 O-O 13. Nf3 Na6 14. a3 Nb4 15. Bb1 Rfd8 16. Bd2 Na6 17. Re1 Bf8 18. Nh4 Bh7 19. Bc3 Nd7 20. f5 e5 21. Ba2 c5 22. dxe5 dxe5 23. Nf3 f6 24. Nf1 Nab8 25. Ne3 Nc6 26. Nd5 Nd4 27. Bb1 Rdc8 28. Bd3 Bd6 29. Nd2 Kf7 30. Re3 Rg8 31. Rg3 Kf8 32. Re1 Kf7 33. Nf3 Rac8 34. Nh4 Ra8 35. Ng6 Rae8 36. Be2 Bxg6 37. fxg6+ Kf8 38. Bg4 Ne6 39. Rd1 Bb8 40. Ne3 Ke7 41. Nf5+ Kd8 42. Nd6 Re7 43. Nxb7+ Kc7 44. Nd6 Nd4 45. Nf5 Ree8 46. Ne3 Nf8 47. Nd5+ Kb7 48. Bh5 Nfe6 49. Bd2 Bd6 50. Rf1 Ng5 51. Nc3 Nge6 52. Nd5 Nc7 53. Nc3 Ra8 54. h4 Rad8 55. Bd1 Ra8 56. h5 Rad8 57. Rh3 Rdf8 58. g4 Nce6 59. Nd5 Ng5 60. Re3 Nge6 61. Ree1 Nc7 62. Ne3 Nce6 63. Nf5 Nxf5 64. exf5 Nd4 65. Bf3+ Kc7 66. Bd5 Rh8 67. Rf2 Rb8 68. a4 Rbd8 69. Bc3 Rd7 70. Rb1 Nb3 71. Rd1 Be7 72. Rff1 Rhd8 73. Rd3 Nd4 74. Kf2 Nc6 75. Rfd1 Nd4 76. Bd2 Rb8 77. Ra1 Bd8 78. b4 Kd6 79. b5 Ra7 80. Ra2 Bc7 81. Rda3 Ke7 82. a5 bxa5 83. Bxa5 Bxa5 84. Rxa5 Rd7 85. Ra7 Rbd8 86. b6 Nb5 87. Rxd7+ Rxd7 88. Bc6 Rd4 89. cxb5 c4 90. b7 c3 1-0

[Event "Nordic Chess-ch 2019"]
[Site "Sarpsborg"]
[Date "2019.06.25"]
[Round "7.1"]
[White "Ingebretsen, Jens E"]
[Black "Urkedal, Frode Olav Olsen"]
[Result "0-1"]
[ECO "C84"]
[WhiteElo "2263"]
[BlackElo "2525"]
[Annotator "ChessBase"]
[PlyCount "146"]
[EventDate "2019.06.21"]
[EventType "swiss"]
[EventCountry "NOR"]
[SourceTitle "playchess.com"]
[Source "ChessBase"]
[SourceQuality "1"]
[TimeControl "40/5400+30:1800+30"]

1. e4 e5 2. Nf3 Nc6 3. Bb5 a6 4. Ba4 Nf6 5. d3 b5 6. Bb3 Be7 7. O-O O-O 8. a4 b4 9. a5 d6 10. h3 Rb8 11. Nbd2 Be6 12. Nc4 h6 13. Be3 Qc8 14. Nfd2 Rd8 15. Ba4 Qb7 16. c3 Na7 17. cxb4 Nc6 18. Bxc6 Qxc6 19. Rc1 Qd7 20. d4 exd4 21. Bxd4 Rxb4 22. Bc3 Rb5 23. Na3 Rbb8 24. f4 d5 25. Be5 Rb7 26. f5 dxe4 27. fxe6 Qxd2 28. exf7+ Kxf7 29. Qh5+ Kg8 30. Qf5 Qd7 31. Qg6 Qe8 32. Qf5 Kh8 33. Nc4 Rd5 34. Qf4 Qg6 35. Rfe1 Rb4 36. Bxc7 Rc5 37. Ne5 Qh5 38. Kh1 Nd5 39. Qg3 Rxc1 40. Rxc1 Bg5 41. Rf1 Kh7 42. Ng4 e3 43. Qf3 Rb5 44. Be5 Qg6 45. Bd4 Qe6 46. Re1 Rb4 47. Bxe3 Re4 48. g3 Nxe3 49. Nf2 Re5 50. h4 Bf6 51. Nd3 Qh3+ 52. Kg1 Re7 53. Nf2 Qe6 54. Nd1 Bd4 55. Nxe3 Bxe3+ 56. Kg2 Kg8 57. Qa8+ Re8 58. Qf3 Qb3 59. Kh3 Qd3 60. Rd1 Qe4 61. Qxe4 Rxe4 62. Rd6 Rb4 63. Rxa6 Rxb2 64. h5 Ra2 65. Kg4 Kh7 66. Ra8 Bb6 67. a6 Ra5 68. Kh4 Bf2 69. Rf8 Be3 70. Ra8 Ra3 71. Kh3 Bf4 72. a7 Rxg3+ 73. Kh4 Ra3 0-1

[Event "Nordic Chess-ch 2019"]
[Site "Sarpsborg"]
[Date "2019.06.25"]
[Round "7.3"]
[White "Dragicevic, Drazen"]
[Black "Westerberg, Jonathan"]
[Result "0-1"]
[ECO "A13"]
[WhiteElo "2359"]
[BlackElo "2545"]
[Annotator "ChessBase"]
[PlyCount "82"]
[EventDate "2019.06.21"]
[EventType "swiss"]
[EventCountry "NOR"]
[SourceTitle "playchess.com"]
[Source "ChessBase"]
[SourceQuality "1"]
[TimeControl "40/5400+30:1800+30"]

1. c4 e6 2. g3 d5 3. Bg2 g6 4. Nf3 Bg7 5. O-O Ne7 6. d3 O-O 7. cxd5 exd5 8. e4 h6 9. Nc3 Be6 10. h4 Nbc6 11. Bf4 Qd7 12. Kh2 Rac8 13. Qa4 d4 14. Ne2 Rfd8 15. Rfc1 Kh7 16. b4 a6 17. Qa3 Bg4 18. Neg1 Rh8 19. Bh3 Bxh3 20. Nxh3 f6 21. Qb3 Nd8 22. e5 Rf8 23. exf6 Bxf6 24. Rc5 Ne6 25. Rc2 Nd5 26. Be5 Bh8 27. Bxh8 Rxf3 28. Be5 Rcf8 29. Re1 c6 30. Rce2 Nc3 31. Rd2 R8f7 32. Kg2 c5 33. bxc5 Qc6 34. Kg1 Nxc5 35. Qc2 Re7 36. Kf1 Qe8 37. Ng1 Rf5 38. Bxd4 Rxe1+ 39. Kg2 Qc6+ 40. Kh2 Nb5 41. Bb2 Ne6 0-1

[Event "Nordic Chess-ch 2019"]
[Site "Sarpsborg"]
[Date "2019.06.25"]
[Round "7.4"]
[White "Tryggestad, Andreas Garberg"]
[Black "Chatalbashev, Boris"]
[Result "1-0"]
[ECO "B06"]
[WhiteElo "2324"]
[BlackElo "2527"]
[Annotator "ChessBase"]
[PlyCount "81"]
[EventDate "2019.06.21"]
[EventType "swiss"]
[EventCountry "NOR"]
[SourceTitle "playchess.com"]
[Source "ChessBase"]
[SourceQuality "1"]
[TimeControl "40/5400+30:1800+30"]

1. e4 g6 2. d4 Bg7 3. Nc3 c6 4. Be3 d6 5. Qd2 b5 6. f3 Nd7 7. h4 h6 8. a4 b4 9. Nd1 a5 10. c3 bxc3 11. bxc3 Ngf6 12. Bd3 e5 13. Ne2 h5 14. Nf2 d5 15. Bg5 O-O 16. O-O Qc7 17. Bh6 Re8 18. Bxg7 Kxg7 19. Rfe1 Rb8 20. Qg5 dxe4 21. Nxe4 Nxe4 22. Bxe4 Nf6 23. Ng3 exd4 24. Bxg6 fxg6 25. Nxh5+ Nxh5 26. Rxe8 Nf6 27. Rae1 Rb1 28. Rxb1 Nxe8 29. Re1 Nf6 30. h5 Bf5 31. h6+ Kf7 32. Qh4 dxc3 33. h7 g5 34. h8=N+ Kf8 35. Qd4 Nd5 36. Qc5+ Kg7 37. Qd4+ Kf8 38. Re5 Bh7 39. Qc5+ Kg7 40. Rxd5 c2 41. Qd4+ 1-0

[Event "Nordic Chess-ch 2019"]
[Site "Sarpsborg"]
[Date "2019.06.25"]
[Round "7.5"]
[White "Notkevich, Benjamin Arvola"]
[Black "Vestby-Ellingsen, Mads"]
[Result "1-0"]
[ECO "E94"]
[WhiteElo "2485"]
[BlackElo "2345"]
[Annotator "ChessBase"]
[PlyCount "51"]
[EventDate "2019.06.21"]
[EventType "swiss"]
[EventCountry "NOR"]
[SourceTitle "playchess.com"]
[Source "ChessBase"]
[SourceQuality "1"]
[TimeControl "40/5400+30:1800+30"]

1. d4 Nf6 2. c4 g6 3. Nc3 Bg7 4. e4 d6 5. Nf3 O-O 6. Be2 Na6 7. O-O e5 8. Be3 Ng4 9. Bg5 Qe8 10. c5 exd4 11. Nd5 Be6 12. cxd6 Bxd5 13. exd5 cxd6 14. Re1 d3 15. Bxd3 Ne5 16. Nxe5 dxe5 17. d6 Qd7 18. Be7 Rfe8 19. Rc1 Rac8 20. Bb5 Qxb5 21. Rxc8 Rxc8 22. d7 Qc6 23. d8=Q+ Qe8 24. Qxe8+ Rxe8 25. Qd7 Rb8 26. Rc1 1-0

[Event "Nordic Chess-ch 2019"]
[Site "Sarpsborg"]
[Date "2019.06.25"]
[Round "7.6"]
[White "Gretarsson, Helgi Ass"]
[Black "Vitenberg, Noam Aviv"]
[Result "1-0"]
[ECO "A07"]
[WhiteElo "2433"]
[BlackElo "2256"]
[Annotator "NA"]
[PlyCount "117"]
[EventDate "2019.06.21"]
[EventType "swiss"]
[EventCountry "NOR"]
[SourceTitle "playchess.com"]
[Source "ChessBase"]
[SourceQuality "1"]
[TimeControl "40/5400+30:1800+30"]

1. Nf3 Nf6 2. g3 d5 3. Bg2 c6 4. O-O Bg4 5. h3 Bh5 6. d3 Nbd7 7. Nbd2 e5 8. e4 dxe4 9. dxe4 Bc5 10. Qe1 O-O 11. b3 Bb4 12. Qe3 Re8 13. a3 Bc5 14. Qc3 Qc7 15. b4 Bf8 16. Bb2 b5 17. Qb3 c5 18. c4 Rab8 19. cxb5 Rxb5 20. Rfc1 Qb8 21. Bf1 Rb6 22. b5 Rd8 23. a4 Re6 24. Bc4 Re7 25. a5 Ne8 26. Nh4 Ndf6 27. Ndf3 Nxe4 28. Nf5 Rb7 29. g4 Bg6 30. Bxe5 N8d6 31. Ne3 Qc8 32. Bf1 Kh8 33. b6 Qd7 34. Rd1 f6 35. Bf4 Qe8 36. Ba6 Rbb8 37. Nc4 Qe6 38. b7 Bf7 39. Rac1 h5 40. Qe3 hxg4 41. Nxd6 Bxd6 42. Bc4 Qf5 43. Rxd6 Nxd6 44. Bxf7 gxf3 45. Rxc5 Qb1+ 46. Kh2 Nxf7 47. Bxb8 Qxb7 48. Bxa7 Ne5 49. Bb6 Re8 50. Qf4 Qa6 51. Qa4 Qa8 52. Rc7 Rb8 53. Qh4+ Kg8 54. Qg3 g6 55. Qh4 Nf7 56. Qxf6 Qd5 57. Qxg6+ Kf8 58. Bc5+ Ke8 59. Qg8# 1-0

[Event "Nordic Chess-ch 2019"]
[Site "Sarpsborg"]
[Date "2019.06.25"]
[Round "7.7"]
[White "Rydstrom, Tom"]
[Black "Getz, Nicolai"]
[Result "0-1"]
[ECO "C41"]
[WhiteElo "2370"]
[BlackElo "2380"]
[Annotator "NA"]
[PlyCount "116"]
[EventDate "2019.06.21"]
[EventType "swiss"]
[EventCountry "NOR"]
[SourceTitle "playchess.com"]
[Source "ChessBase"]
[SourceQuality "1"]
[TimeControl "40/5400+30:1800+30"]

1. e4 d6 2. Nc3 e5 3. Nf3 Nf6 4. Bc4 Be7 5. d4 Nbd7 6. a4 c6 7. Ba2 O-O 8. O-O b6 9. Re1 a6 10. Bg5 Rb8 11. Bh4 b5 12. axb5 axb5 13. Bg3 Qc7 14. h3 b4 15. Nb1 c5 16. dxe5 dxe5 17. Nbd2 Nh5 18. Bh2 Nf4 19. Nc4 Rd8 20. Qc1 g5 21. Ne3 Nb6 22. h4 h6 23. hxg5 hxg5 24. Nd5 Nbxd5 25. exd5 Bf6 26. Qe3 c4 27. Qe4 b3 28. cxb3 cxb3 29. Bb1 Rb5 30. Bxf4 gxf4 31. Qh7+ Kf8 32. Bd3 Rbxd5 33. Rac1 Rc5 34. Rxc5 Qxc5 35. Be4 Ke7 36. Nh4 Rd2 37. Rf1 Be6 38. Bf5 Bc4 39. Ng6+ Kd6 40. Qg8 Bxf1 41. Qb8+ Kd5 42. Qa8+ Kc4 43. Qa4+ Qb4 44. Qc6+ Kd4 45. Qd7+ Kc5 46. Qc7+ Kb5 47. Qb7+ Ka5 48. Qc7+ Qb6 49. Qc3+ Ka4 50. Qxd2 fxg6 51. Bxg6 Bb5 52. Bf7 Qc5 53. Qd1 Bc4 54. Be8+ Ka5 55. Qd2+ Kb6 56. Qd7 Qc7 57. Qa4 Be7 58. Bg6 Qc6 0-1

[Event "Nordic Chess-ch 2019"]
[Site "Sarpsborg"]
[Date "2019.06.25"]
[Round "7.8"]
[White "Rishovd, Svein"]
[Black "Lindgren, Philip"]
[Result "0-1"]
[ECO "E51"]
[WhiteElo "2113"]
[BlackElo "2384"]
[Annotator "NA"]
[PlyCount "112"]
[EventDate "2019.06.21"]
[EventType "swiss"]
[EventCountry "NOR"]
[SourceTitle "playchess.com"]
[Source "ChessBase"]
[SourceQuality "1"]
[TimeControl "40/5400+30:1800+30"]

1. d4 Nf6 2. c4 e6 3. Nc3 Bb4 4. e3 O-O 5. Nf3 d5 6. Bd2 b6 7. cxd5 exd5 8. Rc1 a6 9. Bd3 Bb7 10. O-O Nbd7 11. Qc2 Re8 12. Ne2 Bd6 13. Nh4 g6 14. g3 c5 15. Qd1 c4 16. Bb1 b5 17. Nf4 Ne4 18. Nfg2 Nxd2 19. Qxd2 Nf6 20. f4 Ne4 21. Qd1 Bc8 22. Nf3 Bg4 23. Bc2 f6 24. Ra1 a5 25. Qc1 Qd7 26. Nd2 Nxd2 27. Qxd2 Re7 28. a3 Qc7 29. e4 dxe4 30. Ne3 f5 31. Nd5 Qb7 32. Nf6+ Kh8 33. Nxg4 fxg4 34. Rfe1 Qd5 35. Qe3 Rae8 36. Re2 Bc7 37. Rd1 a4 38. Kg2 Bb6 39. Kf1 Kg7 40. Kg2 Ba7 41. Rde1 Qxd4 42. Qxd4+ Bxd4 43. Bxe4 c3 44. bxc3 Bxc3 45. Rc1 Ba5 46. Rb2 Rxe4 47. Rxb5 Bd2 48. Rf1 Bc3 49. f5 g5 50. Rb6 Bf6 51. Ra6 Re2+ 52. Kh1 Re1 53. Kg2 Rxf1 54. Kxf1 Re4 55. Ra7+ Be7 56. Kf2 Kf6 0-1

[Event "Nordic Chess-ch 2019"]
[Site "Sarpsborg"]
[Date "2019.06.25"]
[Round "7.9"]
[White "Ogaard, Leif"]
[Black "Abdrlauf, Elham"]
[Result "1/2-1/2"]
[ECO "E12"]
[WhiteElo "2385"]
[BlackElo "2207"]
[Annotator "NA"]
[PlyCount "128"]
[EventDate "2019.06.21"]
[EventType "swiss"]
[EventCountry "NOR"]
[SourceTitle "playchess.com"]
[Source "ChessBase"]
[SourceQuality "1"]
[TimeControl "40/5400+30:1800+30"]

1. c4 b6 2. d4 e6 3. a3 Bb7 4. Nc3 d5 5. cxd5 exd5 6. Nf3 Nf6 7. g3 a6 8. Bg2 Bd6 9. Nh4 Nbd7 10. Qb3 Nf8 11. O-O Be7 12. Nf5 Ne6 13. Nxe7 Kxe7 14. Rd1 Re8 15. f4 g6 16. g4 Nxg4 17. Nxd5+ Kf8 18. f5 Ng5 19. Qb4+ Kg8 20. Qc4 Nh3+ 21. Bxh3 Bxd5 22. Qd3 Qh4 23. Qg3 Qxg3+ 24. hxg3 gxf5 25. Re1 Re4 26. Bf4 Rae8 27. Rac1 c6 28. Bxg4 fxg4 29. e3 h5 30. Rf1 R8e6 31. Rc2 Rxe3 32. Bxe3 Rxe3 33. Rh2 Rxg3+ 34. Kf2 Rd3 35. Rxh5 Rxd4 36. Rg5+ Kf8 37. Ke3 Re4+ 38. Kd3 Ke7 39. Rg1 Rf4 40. R5xg4 Rf3+ 41. Kd2 Kd6 42. Re1 f5 43. Rh4 a5 44. Re3 Rf1 45. Re1 Rxe1 46. Kxe1 Ke5 47. Kd2 f4 48. Kd3 Be4+ 49. Ke2 a4 50. Kd2 b5 51. Ke2 Bd5 52. Kd3 Bc4+ 53. Kd2 Ke4 54. Rh3 Bd5 55. Ke2 c5 56. Kd2 Bc4 57. Rh5 Bd5 58. Rh3 Bc4 59. Rh5 Bd5 60. Rh3 b4 61. axb4 cxb4 62. Rh8 Kf3 63. Rh5 Bg8 64. Rb5 a3 1/2-1/2

[Event "Nordic Chess-ch 2019"]
[Site "Sarpsborg"]
[Date "2019.06.25"]
[Round "7.10"]
[White "Cederstam Barsk, Carl"]
[Black "Kvaloy, Aksel Bu"]
[Result "1-0"]
[ECO "D38"]
[WhiteElo "2334"]
[BlackElo "2138"]
[Annotator "NA"]
[PlyCount "97"]
[EventDate "2019.06.21"]
[EventType "swiss"]
[EventCountry "NOR"]
[SourceTitle "playchess.com"]
[Source "ChessBase"]
[SourceQuality "1"]
[TimeControl "40/5400+30:1800+30"]

1. Nf3 d5 2. d4 Nf6 3. c4 e6 4. Nc3 Bb4 5. cxd5 exd5 6. Qa4+ Nc6 7. Bg5 h6 8. Bxf6 Qxf6 9. e3 O-O 10. Be2 Be6 11. O-O a6 12. Rfc1 Bd6 13. Qd1 Ne7 14. Na4 b6 15. b4 a5 16. a3 Bd7 17. Nc5 Bf5 18. Na6 Ra7 19. bxa5 Bc8 20. axb6 Rxa6 21. Bxa6 Bxa6 22. bxc7 Rc8 23. Qa4 Rxc7 24. Ne5 Rxc1+ 25. Rxc1 Bxe5 26. dxe5 Qe6 27. e4 Bb7 28. Qb4 Bc6 29. exd5 Qxd5 30. f3 Qxe5 31. Re1 Qg5 32. Qxe7 Qg6 33. Qe3 h5 34. Rc1 h4 35. h3 Bd7 36. Qd4 Qg5 37. Rc5 Qg3 38. Qe5 Qg6 39. Qb8+ Kh7 40. Qb4 Qh6 41. Qe4+ Kg8 42. Kh1 Qd2 43. Rd5 Qc1+ 44. Kh2 Qc7+ 45. Qe5 Qc8 46. Qd6 Qc1 47. Qb8+ Bc8 48. Rd8+ Kh7 49. Rxc8 1-0

[Event "Nordic Chess-ch 2019"]
[Site "Sarpsborg"]
[Date "2019.06.25"]
[Round "7.11"]
[White "Hobber, Anders"]
[Black "Nilsen, Tobias Lang"]
[Result "1/2-1/2"]
[ECO "A30"]
[WhiteElo "2282"]
[BlackElo "1986"]
[Annotator "NA"]
[PlyCount "92"]
[EventDate "2019.06.21"]
[EventType "swiss"]
[EventCountry "NOR"]
[SourceTitle "playchess.com"]
[Source "ChessBase"]
[SourceQuality "1"]
[TimeControl "40/5400+30:1800+30"]

1. d4 Nf6 2. Nf3 e6 3. e3 b6 4. Bd3 Bb7 5. O-O d5 6. c4 Be7 7. Nc3 O-O 8. b3 dxc4 9. Bxc4 c5 10. Bb2 cxd4 11. Nxd4 Nc6 12. Nxc6 Bxc6 13. Qe2 Qc8 14. Ba6 Bb7 15. Bd3 e5 16. Rac1 Qe6 17. e4 Bc5 18. Kh1 Qg4 19. f3 Qg5 20. Na4 Bd6 21. Rcd1 Nh5 22. Bc1 Qe7 23. Bc4 h6 24. Bd5 Bxd5 25. Rxd5 Nf6 26. Rd3 Rfd8 27. Rfd1 Bb4 28. Be3 Rxd3 29. Qxd3 Rc8 30. Kg1 Qc7 31. Rc1 Qd7 32. Rxc8+ Qxc8 33. Kf2 Kf8 34. Ke2 Ke7 35. Nb2 Nd7 36. Nc4 b5 37. Nb2 a6 38. Nd1 Qc6 39. Bf2 Qc1 40. Ne3 Qb2+ 41. Qc2 Qxc2+ 42. Nxc2 Bc5 43. Be1 Bd6 44. Ne3 g6 45. Nd5+ Ke6 46. Bf2 Nf6 1/2-1/2

[Event "Nordic Chess-ch 2019"]
[Site "Sarpsborg"]
[Date "2019.06.25"]
[Round "7.12"]
[White "Blauhut, Holger"]
[Black "Altarbosh, Ward"]
[Result "1-0"]
[ECO "C01"]
[WhiteElo "2041"]
[BlackElo "2250"]
[Annotator "NA"]
[PlyCount "97"]
[EventDate "2019.06.21"]
[EventType "swiss"]
[EventCountry "NOR"]
[SourceTitle "playchess.com"]
[Source "ChessBase"]
[SourceQuality "1"]
[TimeControl "40/5400+30:1800+30"]

1. e4 e6 2. d4 d5 3. Bd3 dxe4 4. Bxe4 Nf6 5. Bf3 c5 6. Ne2 Nc6 7. Be3 cxd4 8. Nxd4 Nxd4 9. Qxd4 Qc7 10. Nc3 Bd7 11. O-O-O Be7 12. Bf4 Qc8 13. Bd6 Bxd6 14. Qxd6 Bc6 15. Qa3 Qc7 16. Rd4 Bxf3 17. gxf3 Qe7 18. Qa4+ Kf8 19. Rhd1 g6 20. Ne4 Nd5 21. c4 Nb6 22. Qb5 e5 23. Rd7 Nxd7 24. Rxd7 Qe6 25. Ng5 Qc6 26. Rxf7+ Kg8 27. Rxb7 Qxb5 28. cxb5 h6 29. Ne4 Kf8 30. Nf6 h5 31. h4 Rc8+ 32. Kd2 Rd8+ 33. Ke3 Rd6 34. Ne4 Rb6 35. Rxa7 Rxb5 36. b3 Rb8 37. Nf6 Rb4 38. a4 Rf4 39. Ne4 Rg8 40. Ng5 Rf5 41. Ne6+ Ke8 42. Ng7+ Rxg7 43. Rxg7 Rf6 44. a5 Kf8 45. Rb7 g5 46. hxg5 Ra6 47. b4 Ra8 48. Rh7 Rb8 49. Rh8+ 1-0

[Event "Nordic Chess-ch 2019"]
[Site "Sarpsborg"]
[Date "2019.06.25"]
[Round "7.13"]
[White "Sjoberg, Isak"]
[Black "Haugli, Petter"]
[Result "0-1"]
[ECO "B43"]
[WhiteElo "2222"]
[BlackElo "2223"]
[Annotator "NA"]
[PlyCount "62"]
[EventDate "2019.06.21"]
[EventType "swiss"]
[EventCountry "NOR"]
[SourceTitle "playchess.com"]
[Source "ChessBase"]
[SourceQuality "1"]
[TimeControl "40/5400+30:1800+30"]

1. e4 c5 2. Nf3 e6 3. d4 cxd4 4. Nxd4 a6 5. Nc3 Qc7 6. Bd3 Nf6 7. f4 Bb4 8. O-O Bc5 9. Nce2 Nc6 10. c3 d6 11. Kh1 e5 12. Nb3 Ba7 13. Ng3 Ng4 14. Qe2 Qe7 15. Nf5 Bxf5 16. exf5 Nxh2 17. Rg1 h5 18. g3 Bxg1 19. Kxg1 Ng4 20. Bd2 exf4 21. Bxf4 Qxe2 22. Bxe2 O-O-O 23. Rd1 Rhe8 24. Bf3 Nce5 25. Bg2 Nc4 26. Rd4 Re1+ 27. Bf1 Nge3 28. Bxe3 Nxe3 29. Nd2 Nxf1 30. Nxf1 Rde8 31. Rd2 R8e2 0-1